 Dungeon Crawl Stone Soup version 0.29.1-15-g9cfb28693d (webtiles) character file.

Game seed: 1996414129235849846

39089 croobank the Anamnesiscian (level 13, 0/132 HPs)
             Began as a Demonspawn Fire Elementalist on Apr 12, 2023.
             Was an Elder of Hepliaklqana.
             Slain by a yak (3 damage)
             ... on level 5 of the Lair of Beasts.
             The game lasted 01:11:57 (19797 turns).

croobank the Anamnesiscian (DsFE)                  Turns: 19797, Time: 01:11:58

Health: 0/132      AC: 26    Str:  8    XL:     13   Next: 67%
Magic:  12/25      EV:  2    Int: 21    God:    Hepliaklqana [****..]
Gold:   212        SH:  0    Dex: 15    Spells: 13/28 levels left

rFire   . . .      SeeInvis .   v - +1 demon whip (venom)
rCold   . . .      Faith    .   (no shield)
rNeg    . . .      Spirit   .   (body armour currently unavailable)
rPois   +          Reflect  .   (helmet currently unavailable)
rElec   .          Harm     .   (cloak currently unavailable)
rCorr   .          Rampage  .   (gloves currently unavailable)
Will    .....      NoTele   +   (boots currently unavailable)
Stlth   ++++......              (no amulet)
HPRegen 0.32/turn               U - ring of poison resistance
MPRegen 0.19/turn               (no ring)

@: mighty, tree-form, on berserk cooldown, mesmerised, slowed, studying Dodging,
invisible, very slow
A: stationary, stasis, torment immunity, boosted hp, reduced essence, (antennae
1), (molten scales 2), powered by pain 3, demonic magic 1
a: Renounce Religion, Recall Ancestor, Ancestor Identity, Transference, Idealise


You were on level 5 of the Lair of Beasts.
You worshipped Hepliaklqana.
Hepliaklqana was greatly pleased with you.
You were a tree.
You visited 3 branches of the dungeon, and saw 15 of its levels.
You also visited: Volcano.

You collected 990 gold pieces.
You spent 778 gold pieces at shops.

Inventory:

Hand Weapons
 a - a +0 dagger of venom
 p - a +3 short sword
 s - the +2 mace "Unauv" {protect, Dex+2}
   (You found it on level 3 of the Lair of Beasts)

   It grants its wielder temporary protection when it strikes (+7 to AC).
   Dex:       It affects your dexterity (+2).
 u - a +0 arbalest of flaming
 v - a +1 demon whip of venom (weapon)
 E - a +4 long sword
 H - a +1 whip of draining
 I - a +0 war axe
 K - a +3 scimitar of freezing
 Q - a +1 hand axe of electrocution
 V - a +1 scimitar of flaming
Missiles
 g - 4 atropa-tipped darts (quivered)
 t - 12 javelins
Armour
 b - a +0 hat
 c - a +0 helmet
 e - a +2 plate armour of fire resistance
 k - an orb of mayhem
 q - a +0 pair of boots (melded)
 J - the +0 cloak "Tanentel" (melded) {+Blink MP+9}
   (You found it on level 7 of the Dungeon)

   MP:        It affects your magic capacity (+9).
   +Blink:    It lets you blink.
 R - a +3 troll leather armour (melded)
 W - a +2 robe of willpower
Magical Staves
 j - a staff of cold
Jewellery
 x - a +6 ring of strength
 y - a ring of positive energy
 U - a ring of poison resistance (left branch)
Wands
 l - a wand of quicksilver (6)
 w - a wand of digging (7)
 L - a wand of paralysis (18)
 N - a wand of roots (8)
Scrolls
 m - 4 scrolls of fear
 n - 2 scrolls of fog
 A - a scroll of magic mapping
 M - 3 scrolls of amnesia
 P - 2 scrolls of vulnerability
 T - 2 scrolls of blinking
 X - a scroll of teleportation
 Y - 5 scrolls of identify
Potions
 d - 9 potions of curing
 f - 2 potions of invisibility
 h - 2 potions of flight
 i - a potion of lignification
 o - 5 potions of attraction
 r - a potion of magic
 z - 2 potions of brilliance
 S - a potion of resistance
Miscellaneous
 O - a tin of tremorstones (2/2)
 Z - a phantom mirror


   Skills:
 + Level 7.8 Fighting
 + Level 10.3 Dodging
 + Level 8.8 Stealth
 + Level 8.2 Spellcasting
 + Level 8.6 Conjurations
 + Level 8.4 Fire Magic
 * Level 6.1 Air Magic
 * Level 6.7 Poison Magic
 + Level 10.5 Invocations


You had 13 spell levels left.
You knew the following spells:

 Your Spells              Type           Power      Damage    Failure   Level
a - Foxfire               Conj/Fire      100%       2x1d9     1%          1
b - Scorch                Fire           88%        2d9       1%          2
c - Flame Wave            Conj/Fire      44%        2d11      2%          4
d - Poisonous Vapours     Pois/Air       70%        N/A       1%          2
e - Mephitic Cloud        Conj/Pois/Air  38%        N/A       1%          3
f - Ignite Poison         Fire/Tmut/Pois 29%        N/A       3%          3

Your spell library contained the following spells:

 Spells                   Type           Power      Damage    Failure   Level
 Sting                    Tmut/Pois      88%        1d7       1%          1
 Conjure Flame            Conj/Fire      44%        6-21      1%          3
 Inner Flame              Hex/Fire       26%        N/A       4%          3
 Stone Arrow              Conj/Erth      52%        3d10      4%          3
 Olgreb's Toxic Radiance  Pois           36%        N/A       4%          4
 Slow                     Hex            32%        N/A       8%          1
 Confusing Touch          Hex            8%         N/A       24%         3
 Gell's Gravitas          Tloc           8%         N/A       24%         3
 Teleport Other           Tloc           8%         N/A       24%         3
 Vampiric Draining        Necr           8%         2d6       24%         3
 Freezing Cloud           Conj/Ice/Air   14%        6-21      28%         5
 Animate Armour           Summ/Erth      16%        N/A       61%         4
 Dispersal                Tloc           4%         N/A       100%        6
 Lehudib's Crystal Spear  Conj/Erth      13%        10d4      100%        8


Dungeon Overview and Level Annotations

Branches:
Dungeon (9/15)             Temple (1/1) D:6            Lair (5/5) D:8
  Swamp (0/4) Lair:2       Spider (0/4) Lair:2        Slime (0/5) Lair:4
    Orc (0/2) D:9         Volcano (visited)

Altars:
Ashenzari
Cheibriados
Dithmenos
Fedhas
Gozag
Hepliaklqana
Kikubaaqudgha
Makhleb
Nemelex Xobeh
Okawaru
Qazlal
Ru
Sif Muna
Trog
Uskayaw
Vehumet
Wu Jian
Xom
Yredelemnul
Jiyva

Shops:
D:2 (   D:5 *?*?   D:6 *   D:7 [   D:8 *

Annotations:
D:9 1 runed translucent door, Erolcha
Lair:2 3 runed translucent doors, KidAlby's ghost, adept MiBe


Innate Abilities, Weirdness & Mutations

You are a tree.
Your roots penetrate the ground, keeping you stationary.
You cannot be teleported.
You are immune to unholy pain and torment.
Your maximum health is greatly increased.
Your equipment is partially melded.
Your life essence is reduced to manifest your ancestor. (-10% HP)
((You have a pair of small antennae on your head.))
((You are mostly covered in molten scales. (AC +3)))
You are powered by pain.
Spells you cast may paralyse adjacent enemies.


Message History

Unknown command.
The black mamba hisses angrily.
You hit the yak.
The yak looks as sick as possible!
The yak is heavily wounded.
The yak completely misses you. The yak gores you!
* * * LOW HITPOINT WARNING * * *
The merfolk avatar chants its luring song.
The yak gores you but does no damage.
You whack the yak!
The yak looks as sick as possible!
The yak is severely wounded.
You are no longer berserk.
You are exhausted.
You feel yourself slow down.
The yak gores you but does no damage. x3
The merfolk avatar chants its luring song.
You hear an angry hiss.
You cannot blink because you are held in place by your roots.
Unknown command.
You feel better.
A wyvern comes into view.
A rime drake comes into view.
The yak gores you but does no damage.
The merfolk avatar chants its luring song.
The yak gores you but does no damage. The yak gores you.
* * * LOW HITPOINT WARNING * * *
The rime drake moves out of view.
You fade into invisibility!
The merfolk avatar chants its luring song.
The yak gores you but does no damage. x3
The black mamba bites you but does no damage.
The yak gores you but does no damage. x2
The merfolk avatar chants its luring song.
The yak barely misses you.
You feel better.
The black mamba bites you but does no damage.
The black mamba bites you!
* * * LOW HITPOINT WARNING * * *
The black mamba barely misses you. The yak gores you!
* * * LOW HITPOINT WARNING * * *
The merfolk avatar chants its luring song.
The yak gores you.
You die...

##...~##~~#~~~##~~
###.~~P~~~~~~~~~~
#..~~~~~.#~~~#
#...##~.#~~.~~~~
.#
#..~##~~#P~~~~~~ #
#...~P~~#~~~~P~~
.#
#...~.~~######## .
##.~##~S# .#
#.~##Y♣# ##
#.~~YYY# #
#...~~lh~~~~# .
...~#~#.#m~~P!≈ P#
#..~~~~~#k.~#)≈
...~~~~~~ .~#
....~.~~# ~~#
...~##~~# ~. ....
#~~# ~~~


You could see a merfolk avatar (mesmerising), a polar bear, a black mamba, 4
yaks, a rime drake and a wyvern.

Vanquished Creatures
  A boulder beetle (Lair:2)
  2 hydras (Lair:4)
  Erica (Lair:2)
  A two-headed ogre (D:9)
  9 death yaks
  2 sea snakes (Lair:5)
  2 bog bodies (Lair:2)
  A manticore (Lair:5)
  2 black mambas
  An elephant (Lair:3)
  A gargoyle (D:5)
  Maggie (D:8)
  5 cane toads
  A kobold demonologist (D:9)
  3 rime drakes
  2 komodo dragons
  2 trolls
  A wind drake (Lair:5)
  A polar bear (Lair:2)
  11 blink frogs
  A jumping spider (Lair:2)
  A shadow (D:5)
  A wraith (D:9)
  4 wyverns
  A culicivora (Lair:2)
  A basilisk (Lair:2)
  7 yaks
  2 steam dragons
  Eustachio (D:6)
  3 vampire mosquitoes (D:9)
  A redback (Lair:2)
  2 acid dragons
  2 hell hounds (Volcano)
  5 water moccasins
  A sky beast (D:7)
  3 orc warriors
  3 black bears
  3 ogres
  9 wolves
  A centaur (D:5)
  3 phantoms
  2 kobold brigands
  A necrophage (D:5)
  10 bullfrogs
  4 scorpions
  12 wights
  3 killer bees
  3 electric eels
  2 howler monkeys
  7 jellies
  4 hounds
  5 orc priests
  2 iguanas
  4 orc wizards
  8 adders
  2 white imps
  An ufetubus (D:6)
  6 worms
  A dart slug (D:3)
  25 orcs
  8 ball pythons
  4 bats
  10 endoplasms
  2 giant cockroaches
  5 goblins
  4 hobgoblins
  A quokka (D:1)
  5 frilled lizards
  9 kobolds
  2 rats (D:1)
257 creatures vanquished.

Vanquished Creatures (collateral kills)
  2 hydras
  3 death yaks
  A fire crab (Volcano)
  Amaemon (Lair:2)
  2 bog bodies (Lair:2)
  3 elephants
  2 black mambas
  A kobold demonologist (D:9)
  5 cane toads
  An orange demon (Lair:2)
  2 komodo dragons (Lair:3)
  3 polar bears (Lair:4)
  3 blink frogs
  A snapping turtle (Lair:5)
  A wyvern (Lair:2)
  7 yaks (Lair:3)
  A vampire mosquito (D:9)
  A basilisk (Lair:1)
  A redback (Lair:2)
  A swamp worm (Lair:2)
  A water moccasin (Lair:2)
  An orc warrior (D:9)
  An orc wizard (D:9)
  3 orcs
  4 kobolds
  2 butterflies (Lair:4)
  6 foxfires
60 creatures vanquished.

Vanquished Creatures (others)
  An ancestor (D:9)
  12 battlemagi
  910 foxfires
  20 fungi
  23 plants
966 creatures vanquished.

Grand Total: 1283 creatures vanquished

Notes
Turn   | Place    | Note
-------+----------+-------------------------------------------
     0 | D:1      | croobank the Demonspawn Fire Elementalist began the quest
                  | for the Orb.
     0 | D:1      | Reached XP level 1. HP: 13/13 MP: 3/3
   319 | D:1      | Gained mutation: You sometimes gain a little power by
                  | taking damage. [demonic ancestry]
   319 | D:1      | Reached XP level 2. HP: 19/19 MP: 3/5
   558 | D:1      | Found a faded altar of an unknown god.
  1672 | D:2      | Gained mutation: Spells you cast may paralyse adjacent
                  | enemies. [demonic ancestry]
  1672 | D:2      | Reached XP level 3. HP: 15/24 MP: 0/6
  1675 | D:2      | Learned a level 2 spell: Scorch
  2194 | D:2      | Found Fesuyj Ushrei's Antique Weapon Shop.
  2866 | D:3      | Found a blossoming altar of Fedhas.
  2901 | D:3      | Reached XP level 4. HP: 30/30 MP: 0/7
  4197 | D:4      | Reached XP level 5. HP: 35/35 MP: 4/9
  4654 | D:4      | Identified the +1 scale mail "Lusihoiju" {Will+ rCorr
                  | Str+3}
  4904 | D:4      | Gained mutation: You are partially covered in molten
                  | scales. (AC +2) [demonic ancestry]
  4904 | D:4      | Reached XP level 6. HP: 41/41 MP: 4/10
  5496 | D:5      | Entered Level 5 of the Dungeon
  5600 | D:5      | Noticed a wyvern
  5608 | D:5      | Killed a wyvern
  5609 | D:5      | Gained mutation: You sometimes gain power by taking damage.
                  | [demonic ancestry]
  5609 | D:5      | Reached XP level 7. HP: 45/46 MP: 5/12
  5611 | D:5      | Noticed a shadow
  5615 | D:5      | Killed a shadow
  5617 | D:5      | Noticed a yak
  5617 | D:5      | Noticed a yak
  5630 | D:5      | Killed a yak
  5632 | D:5      | Noticed a gargoyle
  5634 | D:5      | Killed a yak
  5635 | D:5      | Reached XP level 8. HP: 30/52 MP: 1/14
  5658 | D:5      | Killed a gargoyle
  5659 | D:5      | Reached skill level 5 in Fire Magic
  5758 | D:5      | Found Laikkir's Magic Scroll Shop.
  5766 | D:5      | Bought a scroll of identify for 26 gold pieces
  5766 | D:5      | Bought a scroll of identify for 26 gold pieces
  5766 | D:5      | Bought a scroll of identify for 26 gold pieces
  5875 | D:5      | Learned a level 4 spell: Flame Wave
  5923 | D:5      | Found Yzaate's General Store.
  5931 | D:5      | Bought a scroll of identify for 28 gold pieces
  6024 | D:5      | Reached skill level 1 in Fighting
  6024 | D:5      | Reached skill level 5 in Stealth
  6398 | D:5      | Found Neudgh's Magic Scroll Emporium.
  6492 | D:5      | Found Regivuog's General Store.
  6619 | D:5      | Reached skill level 5 in Dodging
  6619 | D:5      | Reached skill level 5 in Conjurations
  6740 | D:5      | Reached skill level 5 in Spellcasting
  6864 | D:5      | Gained mutation: You are powered by pain. [demonic
                  | ancestry]
  6864 | D:5      | Reached XP level 9. HP: 62/62 MP: 13/16
  6993 | D:5      | Found a faded altar of an unknown god.
  6993 | D:5      | Found a shimmering blue altar of Sif Muna.
  6999 | D:5      | Found a sparkling altar of Nemelex Xobeh.
  7001 | D:5      | Found an ancient bone altar of Kikubaaqudgha.
  7284 | D:6      | Found Fulenado's Elemental Accessories.
  7537 | D:6      | Found a shimmering altar of Xom.
  8192 | D:6      | Noticed Eustachio
  8202 | D:6      | Killed Eustachio
  8273 | D:6      | Found a staircase to the Ecumenical Temple.
  8302 | Temple   | Entered the Ecumenical Temple
  8463 | Temple   | Became a worshipper of Hepliaklqana the Forgotten
  8675 | D:6      | Reached skill level 1 in Invocations
  9451 | D:7      | Found Xuusair's Armour Emporium.
  9898 | D:7      | Reached XP level 10. HP: 70/73 MP: 6/18
 10089 | D:7      | Identified the +0 cloak "Tanentel" {+Blink MP+9}
 10604 | D:8      | Reached skill level 5 in Invocations
 11107 | D:8      | Found a staircase to the Lair.
 11117 | D:8      | Noticed Maggie
 11127 | D:8      | Killed Maggie
 11381 | D:8      | Reached * piety under Hepliaklqana
 11390 | D:8      | Reached skill level 5 in Fighting
 11585 | D:8      | Found Uwisiwk's Assorted Antiques.
 11593 | D:8      | Bought a scroll labelled BEONKO WODE for 28 gold pieces
 11593 | D:8      | Bought a scroll labelled YNIUTS VENOH for 28 gold pieces
 11593 | D:8      | Bought 2 potions of heal wounds for 280 gold pieces
 11826 | D:9      | Found a shadowy altar of Dithmenos.
 11857 | D:9      | Noticed a +0 short sword
 11858 | D:9      | Noticed a +0 falchion
 11858 | D:9      | Noticed a +0 spear
 11858 | D:9      | Noticed a +0 dagger
 11859 | D:9      | Noticed a +0 falchion
 11859 | D:9      | Noticed a +0 short sword
 11859 | D:9      | Noticed a +0 spear
 11860 | D:9      | Found a hide-covered altar of Uskayaw.
 11860 | D:9      | Noticed a +0 dagger
 11908 | D:9      | Noticed a two-headed ogre
 11915 | D:9      | Killed a two-headed ogre
 11961 | D:9      | Found a staircase to the Orcish Mines.
 12173 | D:9      | Found a runed translucent door.
 12393 | D:9      | Reached ** piety under Hepliaklqana
 12394 | D:9      | Remembered your ancestor Tertia as a battlemage
 12608 | D:9      | Noticed a soul eater
 12613 | D:9      | Reached XP level 11. HP: 63/72 MP: 17/20
 12818 | D:9      | Found a radiant altar of Vehumet.
 12854 | D:9      | Noticed Erolcha
 13048 | Lair:1   | Entered Level 1 of the Lair of Beasts
 13078 | Lair:1   | Noticed a four-headed hydra
 13086 | Lair:1   | Killed a four-headed hydra
 13576 | Lair:1   | Noticed a death yak
 13576 | Lair:1   | Noticed a death yak
 13586 | Lair:1   | Learned a level 2 spell: Poisonous Vapours
 13590 | Lair:1   | Learned a level 3 spell: Mephitic Cloud
 13594 | Lair:1   | Learned a level 3 spell: Ignite Poison
 13600 | Lair:1   | Noticed a death yak
 13608 | Lair:1   | Noticed a death yak
 13608 | Lair:1   | Noticed a death yak
 13661 | D:8      | Killed a death yak
 13714 | Lair:1   | Killed a death yak
 13715 | Lair:1   | Reached skill level 1 in Air Magic
 13715 | Lair:1   | Reached skill level 1 in Poison Magic
 13892 | Lair:1   | Killed a death yak
 14066 | D:8      | Killed a death yak
 14139 | Lair:1   | Killed a death yak
 14509 | Lair:2   | Reached *** piety under Hepliaklqana
 14753 | Lair:2   | Found a dark tunnel.
 14764 | Volcano  | Entered a volcano
 14817 | Volcano  | Noticed a fire crab
 14829 | Volcano  | Killed a fire crab
 14830 | Volcano  | Gained mutation: You have a pair of small antennae on your
                  | head. [demonic ancestry]
 14830 | Volcano  | Reached XP level 12. HP: 12/80 MP: 19/22
 15041 | Lair:2   | Noticed Amaemon
 15046 | Lair:2   | Killed Amaemon
 15111 | Lair:2   | Found a runed translucent gate.
 15112 | Lair:2   | Found a runed translucent gate.
 15118 | Lair:2   | Noticed a boulder beetle
 15146 | Lair:2   | Killed a boulder beetle
 15757 | Lair:2   | Found a runed translucent gate.
 15757 | Lair:2   | Found a viscous altar of Jiyva.
 15757 | Lair:2   | Noticed KidAlby's ghost (adept MiBe)
 15758 | Lair:2   | Noticed a great orb of eyes
 15782 | Lair:2   | Noticed Erica
 15792 | Lair:2   | Killed Erica
 15900 | Lair:2   | Found a hole to the Spider Nest.
 16478 | Lair:2   | Found a staircase to the Swamp.
 16811 | D:5      | Bought a scroll of enchant armour for 90 gold pieces
 16811 | D:5      | Bought a scroll of identify for 24 gold pieces
 16811 | D:5      | Bought a scroll of enchant weapon for 90 gold pieces
 16811 | D:5      | Bought a scroll of identify for 24 gold pieces
 16811 | D:5      | Bought 2 scrolls of identify for 48 gold pieces
 16811 | D:5      | Bought a scroll of identify for 24 gold pieces
 16811 | D:5      | Bought a scroll of teleportation for 36 gold pieces
 17139 | Lair:3   | Identified the +2 mace "Unauv" {protect, Dex+2}
 17169 | Lair:3   | Reached skill level 5 in Poison Magic
 17424 | Lair:3   | Reached **** piety under Hepliaklqana
 17679 | Lair:3   | Gained mutation: You are mostly covered in molten scales.
                  | (AC +3) [demonic ancestry]
 17679 | Lair:3   | Reached XP level 13. HP: 73/86 MP: 24/24
 18107 | Lair:4   | Reached skill level 5 in Air Magic
 18154 | Lair:4   | Found a staircase to the Slime Pits.
 18155 | Lair:4   | Found a viscous altar of Jiyva.
 18408 | Lair:4   | Reached skill level 10 in Invocations
 18578 | Lair:4   | Reached skill level 10 in Dodging
 19521 | Lair:5   | Entered Level 5 of the Lair of Beasts
 19797 | Lair:5   | HP: 3/132 [yak (9)]
 19797 | Lair:5   | Slain by a yak

Illustrated notes

Levels and vault maps discovered:
D:1:      heliophobic_arrival_ceremonial_halls, layout_basic,
          shapermc_ecumenical_altar_ellora, minmay_strange_pillars,
          nicolae_wormholes
D:2:      layout_basic, serial_shops, nicolae_square_shop
D:3:      layout_loops_cross, fedhas_altar_1
D:4:      layout_basic, nicolae_concentric_dashed_squares_mild
D:5:      layout_loops_corners, chequers_temple_overflow_minitemple,
          serial_shops, shop, shop, shop, shop, minmay_misc_feat_rugged,
          minmay_manual_macuahuitl
D:6:      layout_loops_corners, lemuel_coloured_pillars_altar,
          minmay_temple_entry_proselytizer, nicolae_elemental_shop,
          dreamdust_princess_corridor, uniq_eustachio
D:7:      layout_basic, serial_shops, nicolae_shop_competitors_out_of_business,
          kennysheep_generic_room_3
D:8:      layout_gridville, erik_lair_island, serial_shops, nicolae_square_shop,
          uniq_maggie
D:9:      layout_irregular_city, nicolae_uskayaw_en_pointe,
          mainiacjoe_overflow_boulevard, vehumet_crystals, orc_0_dummy,
          lightli_church_of_beogh, uniq_erolcha
Temple:   oiseaux_autumnal_temple
Lair:1:   layout_hall_layers, serial_bayou_shore_b
Lair:2:   layout_misc_corridors, nicolae_swamp_entry_splash_gauntlet,
          nicolae_spider_entry_tight_spaces, lightli_volcano_entry_magma_tube,
          gammafunk_ghost_ooze, uniq_erica, uniq_amaemon
Lair:3:   layout_chaotic_city
Lair:4:   layout_regular_city, nicolae_slime_entry_slimehenge,
          beast_lair_carwin_3, lemuel_fruit_fields, grunt_megastairs_1,
          uniq_rupert
Lair:5:   gammafunk_lair_ancient_temple, layout_cave_pods, basic_altar

Skill      XL: |  1  2  3  4  5  6  7  8  9 10 11 12 13 |
---------------+----------------------------------------+-----
Stealth        | 2 3 4 5 6 7 8 |  8.8
Dodging        | 2 3 4 5 6 7 8 9 10 | 10.3
Fire Magic     | 3 4 5 6 7 8 |  8.4
Conjurations   | 2 3 4 5 6 7 8 |  8.6
Spellcasting   | 3 4 5 6 7 8 |  8.2
Fighting       | 2 4 5 6 7 |  7.8
Invocations    | 4 7 9 10 | 10.5
Air Magic      | 2 4 6 |  6.1
Poison Magic   | 3 5 6 |  6.7

Action                   |  1- 3 |  4- 6 |  7- 9 | 10-12 | 13-15 || total
-------------------------+-------+-------+-------+-------+-------++-------
Melee: Unarmed           |     3 |       |       |       |       ||     3
       Short sword       |    10 |       |       |       |       ||    10
       Dagger            |     1 |    23 |    52 |    14 |       ||    90
       Punch             |     1 |       |     1 |       |       ||     2
       Long sword        |       |       |    22 |       |       ||    22
       Demon whip        |       |       |       |    17 |    13 ||    30
       Scimitar          |       |       |       |       |    20 ||    20
 Fire: Sling             |       |       |    10 |       |       ||    10
 Cast: Foxfire           |    52 |    60 |    42 |   301 |    76 ||   531
       Scorch            |    12 |    29 |    87 |   161 |    83 ||   372
       Flame Wave        |       |       |       |     4 |     1 ||     5
       Mephitic Cloud    |       |       |       |     3 |     1 ||     4
       Ignite Poison     |       |       |       |     2 |       ||     2
       Poisonous Vapours |       |       |       |     1 |       ||     1
Invok: Ancestor Life: Ba |       |       |       |     1 |       ||     1
 Abil: Evoke Blink       |       |       |       |     1 |       ||     1
Evoke: Wand              |       |       |       |     5 |       ||     5
  Use: Scroll            |       |     9 |     8 |    12 |     1 ||    30
       Potion            |       |     1 |     6 |     1 |     8 ||    16
 Stab: Sleeping          |     1 |       |     4 |       |     1 ||     6
       Paralysed         |    10 |     5 |    19 |    16 |     7 ||    57
Armor: Robe              |     2 |     4 |    25 |       |       ||    31
       Steam dragon scal |       |       |       |    13 |       ||    13
       Troll leather arm |       |       |       |    25 |    15 ||    40
       Skin              |       |       |       |       |    38 ||    38
Dodge: Dodged            |    20 |    18 |    84 |    92 |    48 ||   262
